 Dungeon Crawl Stone Soup version 0.21.0-34-g9234887 (webtiles) character file.

21193 doot the Arsonist (level 12, -7/92 HPs)
             Began as a Pale Draconian Fire Elementalist on Jan 29, 2018.
             Was an Elder of Vehumet.
             Mangled by a spiny frog (23 damage)
             ... on level 1 of the Lair of Beasts.
             The game lasted 01:38:38 (20448 turns).

doot the Arsonist (DrFE)                           Turns: 20448, Time: 01:38:39

Health: -7/92      AC: 15    Str: 12    XL:     12   Next: 52%
Magic:  4/25       EV: 14    Int: 19    God:    Vehumet [****..]
Gold:   905        SH:  0    Dex: 12    Spells: 2/29 levels left

rFire    + . .     SeeInvis .   b - staff of fire
rCold    . . .     Gourm    .   (no shield)
rNeg     . . .     Faith    .   (armour unavailable)
rPois    +         Spirit   .   (helmet restricted)
rElec    +         Reflect  .   C - +2 cloak "Byjis" {rElec}
rCorr    .         Harm     .   W - +0 pair of gloves
MR       .....                  A - +0 pair of boots
Stlth    ++........             (no amulet)
HPRegen  0.25/turn              g - ring of poison resistance
MPRegen  0.19/turn              u - +2 ring of protection

@: very slightly contaminated
A: breathe steam, unfitting armour, cold-blooded, AC +8
a: Breathe Steam, Renounce Religion


You were on level 1 of the Lair of Beasts.
You worshipped Vehumet.
Vehumet was greatly pleased with you.
You were not hungry.

You visited 4 branches of the dungeon, and saw 16 of its levels.

You collected 1095 gold pieces.
You spent 190 gold pieces at shops.

Inventory:

Hand Weapons
 a - a +0 scythe
Armour
 A - a +0 pair of boots (worn)
 C - the +2 cloak "Byjis" (worn) {rElec}
   (You bought it in a shop on level 5 of the Dungeon)

   It insulates you from electricity.
 W - a +0 pair of gloves (worn)
Magical Staves
 b - an uncursed staff of fire (weapon)
Jewellery
 g - a ring of poison resistance (left hand)
 u - a +2 ring of protection (right hand)
 K - an uncursed amulet of guardian spirit
Wands
 e - a wand of acid (10)
 s - a wand of enslavement (16)
 z - a wand of iceblast (6)
 L - a wand of random effects (33)
 Q - a wand of digging (15)
 X - a wand of flame (26)
 Y - a wand of clouds (3)
Scrolls
 f - a scroll of holy word {unknown}
 i - 4 scrolls of teleportation
 m - 6 scrolls of identify
 p - 7 scrolls of immolation
 r - 3 scrolls of blinking
 t - 2 scrolls of amnesia {unknown}
 x - 3 scrolls of fear
 D - 2 scrolls of enchant armour {unknown}
 E - 2 scrolls of enchant weapon {unknown}
 G - 3 scrolls of fog {unknown}
 H - 4 scrolls of remove curse
 N - 6 scrolls of magic mapping
 Z - a scroll of noise {unknown}
Potions
 c - 9 potions of curing
 d - a potion of cancellation {unknown}
 h - 2 potions of magic {unknown}
 j - 2 potions of agility
 l - 2 potions of heal wounds {unknown}
 n - 2 potions of berserk rage {unknown}
 q - 2 potions of flight
 B - a potion of ambrosia {unknown}
 F - a potion of haste
 J - a potion of brilliance {unknown}
 M - 3 potions of invisibility {unknown}
 R - 2 potions of mutation {unknown}
 S - 3 potions of might {unknown}
 T - a potion of degeneration {unknown}
 V - 2 potions of lignification {unknown}
Books
 k - a book of Clouds

   Spells                             Type                      Level
   a - Poisonous Vapours              Poison/Air                   2
   b - Mephitic Cloud                 Conjuration/Poison/Air       3
   c - Conjure Flame                  Conjuration/Fire             3
   d - Freezing Cloud                 Conjuration/Ice/Air          6
   e - Ring of Flames                 Charms/Fire                  7
 o - a book of Minor Magic

   Spells                             Type                      Level
   a - Magic Dart                     Conjuration                  1
   b - Blink                          Translocation                2
   c - Call Imp                       Summoning                    2
   d - Slow                           Hexes                        2
   e - Conjure Flame                  Conjuration/Fire             3
   f - Mephitic Cloud                 Conjuration/Poison/Air       3
 w - a book of Flames

   Spells                             Type                      Level
   a - Flame Tongue                   Conjuration/Fire             1
   b - Throw Flame                    Conjuration/Fire             2
   c - Conjure Flame                  Conjuration/Fire             3
   d - Inner Flame                    Hexes/Fire                   3
   e - Sticky Flame                   Conjuration/Fire             4
   f - Fireball                       Conjuration/Fire             5
 y - a book of Debilitation

   Spells                             Type                      Level
   a - Corona                         Hexes                        1
   b - Slow                           Hexes                        2
   c - Inner Flame                    Hexes/Fire                   3
   d - Portal Projectile              Hexes/Translocation          3
   e - Cause Fear                     Hexes                        4
   f - Leda's Liquefaction            Hexes/Earth                  4
 I - a book of Geomancy

   Spells                             Type                      Level
   a - Sandblast                      Earth                        1
   b - Passwall                       Transmutation/Earth          2
   c - Stone Arrow                    Conjuration/Earth            3
   d - Petrify                        Transmutation/Earth          4
   e - Lee's Rapid Deconstruction     Earth                        5
 U - the Tome of Floating Hexes
   (You found it on level 7 of the Dungeon)

   Spells                             Type                      Level
   a - Shock                          Conjuration/Air              1
   b - Dazzling Spray                 Conjuration/Hexes            3
   c - Invisibility                   Hexes                        6
Comestibles
 O - 15 rations


   Skills:
 + Level 4.4 Fighting
   Level 0.7(1.3) Maces & Flails
 + Level 5.9(6.1) Polearms
 + Level 1.8(4.2) Staves
 + Level 5.4 Dodging
 + Level 3.8 Stealth
 + Level 9.0 Spellcasting
 + Level 9.0 Conjurations
 + Level 2.6 Hexes
 * Level 3.2 Charms
 + Level 1.1 Translocations
 * Level 13.2 Fire Magic


You had 2 spell levels left.
You knew the following spells:

 Your Spells              Type           Power        Failure   Level  Hunger
a - Flame Tongue          Conj/Fire      #####        1%          1    None
b - Sticky Flame          Conj/Fire      ######..     1%          4    ###....
c - Conjure Flame         Conj/Fire      ######..     1%          3    None
d - Inner Flame           Hex/Fire       ######..     1%          3    None
e - Throw Flame           Conj/Fire      ######       1%          2    None
f - Fireball              Conj/Fire      ######....   1%          5    #####..
g - Ring of Flames        Chrm/Fire      ######....   92%         7    #######
h - Blink                 Tloc           N/A          8%          2    None


Dungeon Overview and Level Annotations

Branches:
Dungeon (12/15)            Temple (1/1) D:5            Lair (1/6) D:11
    Orc (2/2) D:10
    Elf: Orc:2

Altars:
Ashenzari
Cheibriados
Dithmenos
Elyvilon
Fedhas
Gozag
Hepliaklqana
Kikubaaqudgha
Makhleb
Nemelex Xobeh
Okawaru
Qazlal
Ru
Sif Muna
Trog
Uskayaw
Vehumet
Wu Jian
Xom
Yredelemnul
Zin
The Shining One

Shops:
D:5 [   D:7 (   D:10 }   D:11 [   Orc:1 (

Annotations:
D:10 Harold


Innate Abilities, Weirdness & Mutations

You can breathe blasts of scalding, opaque steam.
Your pale cyan-grey scales are hard. (AC +8)
You cannot fit into any form of body armour.
You are cold-blooded and may be slowed by cold attacks.


Message History

The spiny frog stings you!!
* * * LOW HITPOINT WARNING * * *
Casting: Sticky Flame
Confirm with . or Enter, or press ? or * to list all spells.
Aiming: Sticky Flame
Press: ? - help, Shift-Dir - straight line, f - spiny frog
Aim: a spiny frog You feel a surge of power!
You miscast Sticky Flame.
You are very lightly contaminated with residual magic.
Wisps of smoke drift from your hands. The spiny frog barely misses you.
The spiny frog stings you but does no damage.
You see here 18 stones.
Found 2 rations.
The spiny frog completely misses you.
You see here a scroll labeled GEDI EXUSINOD.
The spiny frog barely misses you. The spiny frog stings you!!
* * * LOW HITPOINT WARNING * * *
You feel better. The spiny frog stings you!!
You die...

###≈≈≈≈≈≈≈≈≈≈..#.....#
.###.#..≈...≈≈≈..P#.....###
........≈.<..≈≈≈........#.##
........................?...
..................†........[
.........................P.#
............##.##.###....###
....(....(.#........#†...#
....###....#.@..>........#
%.......#....F...........#
%..........#........+....#
........#..#........#....#
........#.?.........#....#
...........#[.......#....#
#...................#....#
#.......#..P.###.####.....
.###+###...........


You could see a spiny frog.

Vanquished Creatures
  Josephine (Orc:1)
  The ghost of VanClaymore the Impaler, a journeyman MfGl of Trog (D:10)
  Erica (D:10)
  A hydra (D:11)
  4 two-headed ogres
  Sonja (D:10)
  Nergalle (D:10)
  2 unseen horrors (D:10)
  2 orc knights
  2 spiny frogs (Lair:1)
  5 trolls
  2 hornets
  2 hippogriffs
  Sigmund (D:3)
  5 wraiths
  Eustachio (D:6)
  5 yaks
  Menkaure (D:6)
  Edmund (D:6)
  A warg (Orc:2)
  A water moccasin (D:10)
  3 sky beasts
  5 ice beasts
  23 orc warriors
  A black bear (D:6)
  An eye of draining (D:10)
  17 ogres
  A phantom (D:9)
  A necrophage (D:10)
  3 wolves (Lair:1)
  A centaur (D:9)
  A crocodile (D:9)
  4 big kobolds
  5 bullfrogs
  6 gnoll sergeants (D:10)
  A wyvern skeleton (D:10)
  3 wights (D:9)
  3 electric eels
  4 crimson imps
  2 bullfrog zombies
  2 hounds
  A quasit (D:10)
  5 jellies
  A gnoll shaman (Orc:1)
  14 orc priests
  A centaur skeleton (D:4)
  14 orc wizards
  Terence (D:2)
  2 iguanas
  4 worker ants
  A killer bee zombie (D:7)
  A hound zombie (D:5)
  4 hound skeletons
  2 worker ant zombies
  14 gnolls
  A howler monkey skeleton (D:5)
  9 adders
  A shadow imp (D:11)
  6 oozes
  2 adder skeletons
  An adder zombie (D:5)
  5 worms
  4 dart slugs
  5 leopard geckos
  69 orcs
  2 ball pythons
  4 bats
  2 giant cockroaches (D:2)
  3 goblins
  8 hobgoblins
  12 jackals
  7 quokkas
  3 frilled lizards
  8 kobolds
  10 rats
355 creatures vanquished.

Vanquished Creatures (others)
  A water moccasin (D:11)
  A gnoll (D:10)
2 creatures vanquished.

Grand Total: 357 creatures vanquished

Notes
Turn   | Place    | Note
-------+----------+-------------------------------------------
     0 | D:1      | doot the Draconian Fire Elementalist began the quest for the Orb.
     0 | D:1      | Reached XP level 1. HP: 14/14 MP: 3/3
   295 | D:1      | Reached XP level 2. HP: 13/20 MP: 3/5
   876 | D:1      | You fall through a shaft!
   986 | D:2      | Reached XP level 3. HP: 26/26 MP: 0/6
  1821 | D:2      | Noticed Terence
  2064 | D:2      | Reached XP level 4. HP: 23/33 MP: 0/7
  2070 | D:2      | Learned a level 4 spell: Sticky Flame
  2467 | D:2      | Killed Terence
  2862 | D:3      | Noticed Sigmund
  2930 | D:3      | Noticed a moth of wrath
  2933 | D:3      | Found a bloodstained altar of Trog.
  2978 | D:3      | Reached skill level 4 in Fire Magic
  3305 | D:3      | Noticed an orc warrior
  3380 | D:3      | Reached XP level 5. HP: 33/38 MP: 0/9
  3590 | D:4      | Learned a level 3 spell: Conjure Flame
  3631 | D:4      | Noticed an ogre
  4463 | D:4      | Noticed an ogre
  4623 | D:4      | Reached XP level 6. HP: 42/45 MP: 1/10
  4893 | D:4      | Reached skill level 1 in Polearms
  4975 | D:5      | Entered Level 5 of the Dungeon
  5142 | D:5      | Noticed a sky beast
  5148 | D:5      | Learned a level 3 spell: Inner Flame
  5334 | D:4      | Your scales start taking on a pale cyan-grey colour.
  5334 | D:4      | Reached skill level 5 in Fire Magic
  5334 | D:4      | Reached XP level 7. HP: 51/51 MP: 12/12
  5629 | D:4      | Noticed a hippogriff
  6113 | D:5      | Found a staircase to the Ecumenical Temple.
  6131 | Temple   | Entered the Ecumenical Temple
  6680 | D:3      | Reached skill level 1 in Fighting
  6802 | D:3      | Learned a level 2 spell: Throw Flame
  6864 | D:3      | Killed Sigmund
  6864 | D:3      | Reached skill level 6 in Fire Magic
  7072 | D:4      | Killed a hippogriff
  7072 | D:4      | Reached XP level 8. HP: 56/59 MP: 5/14
  7429 | D:5      | Reached skill level 5 in Conjurations
  7538 | D:5      | Reached skill level 1 in Hexes
  7883 | D:5      | Found Ystrick's Antique Armour Boutique.
  7898 | D:5      | Bought a brightly glowing cloak for 190 gold pieces
  7903 | D:5      | Identified the +2 cloak "Byjis" {rElec} (You bought it in a shop on level 5 of the Dungeon)
  8067 | D:6      | Noticed Edmund
  8079 | D:6      | Killed Edmund
  8079 | D:6      | Reached skill level 7 in Fire Magic
  8209 | D:6      | Noticed Eustachio
  8216 | D:6      | Killed Eustachio
  8585 | D:6      | Noticed Menkaure
  8592 | D:6      | Killed Menkaure
  8592 | D:6      | Reached XP level 9. HP: 67/67 MP: 9/16
  9173 | D:7      | Noticed a two-headed ogre
  9179 | D:7      | Killed a two-headed ogre
  9179 | D:7      | Reached skill level 5 in Polearms
  9179 | D:7      | Reached skill level 5 in Spellcasting
  9179 | D:7      | Reached skill level 8 in Fire Magic
  9261 | D:7      | Found Miaroj's Antique Weapon Emporium.
  9832 | D:7      | Identified the Tome of Floating Hexes
 10219 | D:8      | Found a hazy altar of Hepliaklqana.
 10566 | D:8      | Found a sparkling altar of Nemelex Xobeh.
 10566 | D:8      | Found a radiant altar of Vehumet.
 10567 | D:8      | Found a glowing silver altar of Zin.
 10572 | D:8      | Became a worshipper of Vehumet
 10832 | D:8      | Reached XP level 10. HP: 77/77 MP: 12/18
 11052 | D:8      | Reached skill level 9 in Fire Magic
 11586 | D:8      | Noticed a two-headed ogre
 11595 | D:8      | Killed a two-headed ogre
 11980 | D:9      | Noticed a two-headed ogre
 11985 | D:9      | Killed a two-headed ogre
 11985 | D:9      | Reached skill level 1 in Staves
 12162 | D:9      | Reached skill level 10 in Fire Magic
 12673 | D:9      | Found a shimmering altar of Xom.
 13063 | D:10     | Entered Level 10 of the Dungeon
 13087 | D:10     | Noticed Erica
 13093 | D:10     | Killed Erica
 13093 | D:10     | Reached * piety under Vehumet
 13093 | D:10     | Offered knowledge of Sting by Vehumet.
 13269 | D:10     | Noticed Nergalle
 13281 | D:10     | Killed Nergalle
 13281 | D:10     | Reached XP level 11. HP: 57/83 MP: 13/21
 13289 | D:10     | Learned a level 5 spell: Fireball
 13312 | D:10     | Noticed VanClaymore's ghost (journeyman MfGl)
 13332 | D:10     | Killed VanClaymore's ghost
 13455 | D:10     | Noticed Sonja
 13490 | D:10     | Reached skill level 11 in Fire Magic
 13539 | D:10     | Found a staircase to the Orcish Mines.
 13700 | D:10     | Noticed Harold
 13765 | D:10     | Killed Sonja
 13765 | D:10     | Reached skill level 5 in Dodging
 14430 | D:10     | Found Xunoesk's Gadget Shop.
 14655 | D:10     | Reached ** piety under Vehumet
 14655 | D:10     | Offered knowledge of Magic Dart by Vehumet.
 14821 | D:10     | Noticed an unseen horror
 14825 | D:10     | Killed an unseen horror
 15013 | D:10     | Noticed an unseen horror
 15013 | D:10     | Killed an unseen horror
 15174 | D:11     | Reached skill level 12 in Fire Magic
 15234 | D:11     | Learned a level 7 spell: Ring of Flames
 15274 | D:11     | Noticed a two-headed ogre
 15281 | D:11     | Killed a two-headed ogre
 15473 | D:11     | Found Orockak's Armour Boutique.
 15928 | D:11     | Offered knowledge of Static Discharge by Vehumet.
 16039 | D:11     | Reached skill level 1 in Charms
 16308 | D:11     | Noticed a two-headed ogre
 16455 | D:11     | Found a staircase to the Lair.
 16696 | Orc:1    | Entered Level 1 of the Orcish Mines
 16696 | Orc:1    | Found Wytacleh's Antique Weapon Boutique.
 17022 | D:10     | Reached *** piety under Vehumet
 17069 | Lair:1   | Entered Level 1 of the Lair of Beasts
 17069 | Lair:1   | Noticed a five-headed hydra
 17326 | Orc:1    | Noticed an orc knight
 17332 | Orc:1    | Reached XP level 12. HP: 61/91 MP: 11/24
 17501 | D:10     | Learned a level 2 spell: Blink
 17940 | Orc:1    | Noticed Josephine
 17959 | Orc:1    | Killed Josephine
 18403 | Orc:1    | Offered knowledge of Ignite Poison by Vehumet.
 18894 | Orc:1    | Reached skill level 13 in Fire Magic
 19143 | Orc:2    | Entered Level 2 of the Orcish Mines
 19609 | Orc:2    | Found a shimmering altar of Xom.
 19633 | Orc:2    | Reached **** piety under Vehumet
 20222 | D:11     | Killed a five-headed hydra
 20222 | D:11     | Reached skill level 1 in Translocations
 20448 | Lair:1   | Mangled by a spiny frog

Skill      XL: |  1  2  3  4  5  6  7  8  9 10 11 12 |
---------------+-------------------------------------+-----
Dodging        | 2 3 4 5 |  5.4
Stealth        | 2 3 |  3.8
Conjurations   | 2 3 4 5 6 7 8 9 |  9.0
Fire Magic     | 4 5 6 7 8 10 12 13 | 13.2
Spellcasting   | 3 4 5 6 8 9 |  9.0
Polearms       | 2 4 5 |  5.9
Fighting       | 1 2 3 4 |  4.4
Hexes          | 1 2 |  2.6
Staves         | 1 |  1.8
Charms         | 1 3 |  3.2
Translocations | 1 |  1.1
Maces & Flails | |  0.7

Action                   |  1- 3 |  4- 6 |  7- 9 | 10-12 || total
-------------------------+-------+-------+-------+-------++-------
Melee: Whip              |    43 |    39 |       |       ||    82
       Unarmed           |     1 |       |       |       ||     1
       Tailslap          |     3 |    11 |    18 |     2 ||    34
       Falchion          |       |     3 |       |       ||     3
       Trident           |       |    58 |    15 |       ||    73
       Scythe            |       |       |   111 |    19 ||   130
       Staff             |       |       |     8 |    32 ||    40
 Cast: Flame Tongue      |    75 |    99 |    92 |   265 ||   531
       Sticky Flame      |       |     5 |    36 |    91 ||   132
       Conjure Flame     |       |     7 |     9 |    30 ||    46
       Throw Flame       |       |       |     5 |    10 ||    15
       Inner Flame       |       |       |     2 |    24 ||    26
       Blink             |       |       |       |    10 ||    10
 Abil: Breathe Steam     |       |       |    12 |    51 ||    63
  Use: Scroll            |       |     6 |     5 |     2 ||    13
       Potion            |       |       |       |     1 ||     1
 Stab: Sleeping          |     1 |     2 |       |       ||     3
  Eat: Chunk             |     3 |    14 |    13 |    33 ||    63
       Ration            |       |       |     4 |     4 ||     8
Armor: Skin              |    33 |    39 |    81 |   108 ||   261
Dodge: Dodged            |    54 |    65 |   153 |   202 ||   474
       Rpst.: Falchion   |       |     6 |       |       ||     6
